Map: Terrasses de Prion

Players

Worming - Winner!

  • Race: Zerg Zerg
  • League: Diamond

Ganza

  • Race: Zerg Zerg
  • League: Diamond

VOD

Have the link to the VOD?

Description

Time

  • Played on: March 8, 2016, 6:15 a.m.
  • Length: 8:21
Show
View Real Time Build Order
Export as new Build Order

Worming Zerg - Winner!

Build Orders: Pool First 

Get SALT Encoding   

  12  0:01  Drone  
  13  0:12  Overlord  
  13  0:18  Drone  
  14  0:30  Drone x2  
  14  0:35  Drone  
  17  0:46  Drone  
  18  0:50  Extractor  
  18  0:52  Spawning Pool  
  18  0:55  Drone  
  17  1:08  Drone  
  18  1:18  Hatchery  
  17  1:21  Drone  
  18  1:29  Overlord  
  18  1:39  Queen  
  20  1:41  Zergling x2  
  21  1:49  Drone  
  21  1:53  Metabolic Boost  
  22  2:00  Drone  
  23  2:18  Drone  
  24  2:27  Drone  
  25  2:37  Drone x2  
  25  2:39  Queen  
  25  2:40  Queen  
  31  2:50  Drone x5  
  36  3:12  Overlord  
  36  3:15  Roach Warren  
  35  3:24  Drone  
  35  3:25  Overlord x2  
  35  3:26  Hatchery  
  35  3:41  Drone x6  
  41  3:50  Evolution Chamber  
  40  3:59  Overlord  
  40  4:02  Extractor  
  39  4:04  Extractor  
  39  4:06  Roach  
  39  4:07  Roach x5  
  49  4:12  Lair  
  49  4:16  Zerg Missile Weapons Level 1  
  49  4:24  Roach  
  49  4:26  Overlord x2  
  49  4:29  Spine Crawler  
  50  4:32  Spine Crawler  
  50  4:36  Roach  
  50  4:37  Roach x2  
  55  4:45  Zergling x2  
  58  4:53  Roach x3  
  58  4:54  Zergling x8  
  61  5:11  Roach  
  61  5:12  Roach x3  
  69  5:26  Roach x3  
  71  5:42  Glial Reconstitution  
  71  5:47  Drone x4  
  71  5:49  Roach  
  75  5:57  Zergling x2  
  75  5:58  Zergling x4  
  78  6:21  Ravager x2, Roach  
  78  6:22  Roach  
  78  6:24  Overlord x3  
  84  6:43  Ravager  
  84  6:44  Ravager  
  84  6:45  Ravager  
  84  6:46  Overlord x2  
  87  7:08  Roach x9  
  103  7:18  Roach  
  88  7:49  Roach x2  
  88  7:50  Roach x4  
  87  7:57  Ravager x2  
  82  7:59  Zergling x12  
  84  8:15  Hatchery  
Show
View Real Time Build Order
Export as new Build Order

Ganza Zerg 

Build Orders: Pool First 

Get SALT Encoding   

  12  0:01  Drone  
  13  0:12  Overlord  
  13  0:17  Drone  
  14  0:31  Drone x2  
  16  0:37  Drone  
  16  0:42  Extractor  
  16  0:46  Drone  
  17  0:51  Spawning Pool  
  17  0:56  Drone  
  17  1:17  Hatchery  
  16  1:20  Drone  
  17  1:38  Queen  
  19  1:41  Overlord  
  19  1:43  Zergling x2  
  20  1:50  Metabolic Boost  
  20  1:55  Drone  
  20  1:57  Drone  
  22  2:12  Roach Warren  
  21  2:30  Drone x3  
  24  2:38  Drone  
  25  2:48  Queen  
  25  2:51  Zergling x4  
  29  2:57  Roach x2  
  33  3:07  Roach  
  35  3:18  Drone  
  35  3:19  Overlord  
  36  3:21  Overlord  
  36  3:28  Extractor  
  35  3:35  Zergling x2  
  36  3:42  Roach  
  36  3:43  Roach  
  36  3:44  Roach x4  
  48  3:53  Roach  
  48  3:55  Roach  
  52  3:59  Overlord x3  
  52  4:18  Roach x2  
  52  4:19  Roach x3  
  62  4:28  Overlord  
  62  4:29  Zergling x2  
  62  4:30  Zergling x2  
  64  4:32  Zergling x2  
  65  4:45  Ravager x2  
  67  4:51  Zergling x4  
  70  4:52  Zergling x2  
  70  4:53  Zergling x4  
  70  4:55  Ravager  
  72  5:06  Roach x2  
  73  5:14  Drone x3  
  71  5:35  Drone x2  
  73  5:36  Drone x3  
  73  5:50  Lair, Overlord x2  
  72  6:08  Hatchery  
  69  6:14  Drone x2  
  69  6:16  Roach x4  
  69  6:17  Roach  
  81  6:19  Zergling x2, Evolution Chamber  
  81  6:20  Evolution Chamber  
  80  6:28  Roach x2  
  80  6:29  Roach  
  86  6:38  Ravager x2  
  88  6:43  Extractor  
  88  6:45  Extractor  
  87  6:47  Drone x3  
  84  7:10  Overlord x3  
  78  7:19  Roach x2  
  78  7:20  Zergling x4  
  78  7:21  Zergling x2  
  56  7:39  Roach x2  
  48  7:46  Roach x3  
  48  7:49  Roach  
  47  7:52  Roach x2  
  34  7:59  Roach  
Tags
 
Add a new tag
Caveats
  • Supply blocks, unpowered buildings, or Contaminate may cause inaccurate times.
  • Supply counts are checked every 10 seconds.